Map: Odyssey LE

Players

Yata - Winner!

  • Race: Zerg Zerg
  • League: Gold
  • Spawn Location: 11:00

FeeltheBern

  • Race: Terran Terran
  • League: Gold
  • Spawn Location: 5:00

VOD

Have the link to the VOD?

Description

Time

  • Played on: Sept. 8, 2017, 9:47 p.m.
  • Length: 14:50
Show
View Real Time Build Order
Export as new Build Order

Yata Zerg - Winner!

Build Orders: Hatch First 

Get SALT Encoding   

  12  0:00  Drone  
  13  0:12  Overlord  
  14  0:21  Drone  
  14  0:30  Drone x2  
  14  0:34  Drone  
  17  0:54  Hatchery  
  17  0:57  Drone  
  17  0:59  Drone  
  18  1:11  Extractor  
  17  1:15  Spawning Pool  
  17  1:18  Drone  
  17  1:22  Drone  
  18  1:28  Drone  
  19  1:41  Overlord  
  19  2:05  Queen  
  19  2:07  Zergling x4  
  23  2:11  Drone x2  
  23  2:13  Queen  
  27  2:22  Drone x2  
  29  2:28  Overlord  
  29  2:33  Drone, Baneling Nest  
  29  2:38  Metabolic Boost  
  29  2:44  Overlord  
  29  2:51  Drone x2  
  31  2:57  Evolution Chamber  
  30  3:04  Zergling x4  
  31  3:11  Lair  
  31  3:13  Extractor  
  31  3:15  Drone x2  
  31  3:17  Drone  
  33  3:29  Drone x3  
  33  3:32  Drone  
  37  3:35  Drone x2  
  40  3:41  Zergling x4  
  40  3:45  Drone  
  42  3:49  Zerg Melee Weapons Level 1  
  42  4:02  Zergling x8  
  46  4:12  Queen x2  
  46  4:15  Drone  
  46  4:17  Overlord  
  51  4:30  Spore Crawler  
  50  4:33  Spore Crawler  
  47  4:56  Spire  
  46  5:00  Pneumatized Carapace  
  46  5:05  Queen  
  48  5:18  Zergling x2  
  48  5:19  Zergling x18  
  58  5:23  Hatchery, Baneling  
  58  5:24  Baneling x2  
  57  5:42  Zergling x6  
  60  5:56  Overlord x4  
  60  6:11  Spire  
  59  6:31  Mutalisk x3  
  63  6:52  Overseer  
  63  7:02  Mutalisk  
  65  7:32  Spire  
  65  7:36  Extractor  
  63  7:40  Extractor  
  63  7:41  Zergling x20  
  63  7:42  Zergling x12  
  78  7:50  Hatchery  
  77  8:01  Queen  
  77  8:02  Queen  
  81  8:29  Hatchery  
  81  8:31  Zerg Ground Armor Level 1  
  80  8:36  Queen  
  82  8:43  Drone x2  
  82  8:45  Overlord x2  
  81  9:08  Corruptor x2  
  75  9:22  Corruptor x3  
  78  9:31  Drone x3  
  78  9:36  Drone  
  78  9:37  Drone x6  
  87  9:39  Queen  
  89  9:50  Drone x3  
  92  10:00  Overseer x2  
  92  10:03  Corruptor  
  95  10:07  Drone x3  
  80  10:43  Corruptor x6  
  80  10:48  Zerg Flyer Weapons Level 1  
  90  11:03  Corruptor x3  
  96  11:09  Corruptor  
  98  11:21  Corruptor  
  100  11:35  Drone x4  
  100  11:38  Overlord x3  
  104  11:56  Zerg Missile Weapons Level 1  
  104  11:57  Hydralisk Den  
  103  12:04  Drone x7  
  103  12:05  Drone x8  
  118  12:15  Corruptor  
  120  12:23  Corruptor x2  
  124  13:06  Corruptor  
  124  13:07  Corruptor  
  128  13:27  Overlord x3  
  128  13:28  Overlord x5  
  110  13:53  Zergling x2  
  110  13:54  Zergling x12  
  110  13:55  Zergling x16  
  117  14:21  Infestation Pit  
  117  14:22  Zergling x2  
  117  14:23  Zergling x14  
  124  14:30  Zergling x8  
Show
View Real Time Build Order
Export as new Build Order

FeeltheBern Terran 

Build Orders: Banshee Rush 

Get SALT Encoding   

  12  0:05  SCV  
  13  0:21  SCV  
  14  0:34  SCV  
  15  0:44  Supply Depot  
  15  1:06  SCV  
  15  1:09  Barracks  
  16  1:11  Refinery  
  16  1:25  SCV  
  16  1:26  Supply Depot, Refinery  
  17  1:37  SCV  
  18  1:52  SCV  
  19  2:03  Marine  
  19  2:04  SCV  
  19  2:07  Factory  
  21  2:16  SCV  
  21  2:22  Marine  
  23  2:28  SCV  
  24  2:42  Marine  
  25  2:54  Factory Tech Lab, Starport  
  24  3:06  Marine  
  25  3:16  Bunker  
  25  3:19  SCV  
  26  3:23  Factory Tech Lab  
  26  3:26  Marine  
  27  3:39  Banshee, SCV  
  27  3:41  Starport  
  31  3:44  Supply Depot  
  31  3:53  Orbital Command  
  31  3:57  Cloaking Field  
  31  4:11  Supply Depot  
  31  4:25  Banshee  
  34  4:31  Banshee  
  35  5:07  Marine  
  35  5:09  Viking  
  38  5:14  Viking  
  40  5:26  SCV  
  41  6:05  Banshee x2  
  41  6:10  Command Center  
  47  7:22  Viking x2  
  51  7:24  Fusion Core  
  51  7:40  Marine  
  51  7:41  Widow Mine  
  54  7:45  Supply Depot, Engineering Bay  
  54  8:00  SCV  
  54  8:02  Marine  
  56  8:15  Barracks  
  55  8:31  Orbital Command  
  55  8:40  Widow Mine  
  57  8:42  Battlecruiser  
  57  8:43  Battlecruiser  
  57  8:44  Supply Depot  
  69  8:50  Missile Turret  
  69  8:57  Marine  
  69  9:02  Orbital Command  
  69  9:31  Reaper  
  70  9:33  SCV  
  70  9:34  Widow Mine  
  73  9:40  SCV  
  73  9:45  SCV  
  75  9:52  SCV  
  76  9:56  Supply Depot  
  76  9:57  SCV  
  77  10:02  Refinery  
  77  10:04  SCV  
  78  10:13  Refinery  
  78  10:18  SCV x2  
  80  10:26  Missile Turret  
  80  10:30  SCV x2  
  78  11:00  SCV x2  
  78  11:03  Widow Mine  
  82  11:05  Marine  
  83  11:12  SCV  
  84  11:23  SCV  
  84  11:24  SCV  
  86  11:33  Missile Turret  
  86  11:42  SCV, Battlecruiser  
  86  11:44  Supply Depot  
  86  11:46  SCV  
  94  11:53  Missile Turret  
  94  12:05  Supply Depot, SCV x2  
  94  12:06  Battlecruiser  
  94  12:08  Supply Depot  
  102  12:26  SCV x2  
  104  12:33  Command Center  
  104  12:38  SCV x2  
  106  12:50  SCV x2, Battlecruiser  
  114  12:55  Armory  
  114  12:57  Supply Depot  
  114  12:58  Widow Mine  
  114  13:03  SCV x2  
  114  13:04  Weapon Refit  
  118  13:09  Supply Depot  
  74  13:58  Widow Mine  
  74  13:59  Marine x2  
  72  14:17  Marine  
  74  14:38  Command Center  
Tags
 
League
GoldGold
Matchup
TvZ
Replay Pack
Pack 1
Spawn Locations
Cross Positions
Strategy
Banshee Rush
Add a new tag
Caveats
  • Supply blocks, unpowered buildings, or Contaminate may cause inaccurate times.
  • Supply counts are checked every 10 seconds.